 Dungeon Crawl Stone Soup version 0.22-a0-617-g6d95e9e (webtiles) character file.

184 galech the Skirmisher (level 5, 0/57 HPs)
             Began as an Ogre Berserker on July 12, 2018.
             Was a Priest of Trog.
             Slain by an orc
             ... wielding a +0 mace
              (1 damage)
             ... on level 3 of the Dungeon.
             The game lasted 00:03:05 (3116 turns).

galech the Skirmisher (Ogre Berserker)              Turns: 3116, Time: 00:03:06

Health: 0/57       AC:  3    Str: 22    XL:     5   Next: 64%
Magic:  5/5        EV: 11    Int:  8    God:    Trog [***...]
Gold:   140        SH:  0    Dex:  8    Spells: 4/4 levels left

rFire    + . .     SeeInvis +   a - +0 mace
rCold    . . .     Gourm    .   (no shield)
rNeg     . . .     Faith    .   b - +0 animal skin
rPois    .         Spirit   .   (helmet restricted)
rElec    .         Reflect  .   (no cloak)
rCorr    .         Harm     .   (gloves unavailable)
MR       .....                  (boots unavailable)
Stlth    +.........             (no amulet)
HPRegen  0.19/turn              h - ring of protection from fire
MPRegen  0.09/turn              m - ring of see invisible

@: berserk cooldown, slowed, very slow
A: large, unfitting armour, tough skin 1
a: Berserk, Trog's Hand, Renounce Religion


You were on level 3 of the Dungeon.
You worshipped Trog.
Trog was most pleased with you.
You were very hungry.

You visited 1 branch of the dungeon, and saw 4 of its levels.

You collected 140 gold pieces.

Inventory:

Hand Weapons
 a - a +0 mace (weapon)
Armour
 b - a +0 animal skin (worn)
Jewellery
 h - a ring of protection from fire (left hand)
 m - a ring of see invisible (right hand)
 p - an uncursed ring of resist corrosion {unknown}
Scrolls
 g - a scroll of teleportation {unknown}
 i - 2 scrolls of blinking {unknown}
 l - 3 scrolls of identify {unknown}
 n - 4 scrolls of fear {unknown}
Potions
 d - a potion of lignification {unknown}
 e - a potion of degeneration {unknown}
 f - a potion of mutation {unknown}
 j - 2 potions of brilliance {unknown}
 k - a potion of haste {unknown}
 q - a potion of invisibility {unknown}
 r - a potion of might {unknown}
 s - a potion of flight {unknown}
 t - a potion of heal wounds {unknown}
Comestibles
 c - 5 rations


   Skills:
 + Level 5.0 Fighting
 + Level 4.3 Maces & Flails
 + Level 3.8 Dodging
 + Level 0.2 Stealth


You had 4 spell levels left.
You didn't know any spells.
Your spell library was empty.

Dungeon Overview and Level Annotations

Branches:
Dungeon (4/15)
 Temple: D:4-7

Altars:
Hepliaklqana
Sif Muna


Innate Abilities, Weirdness & Mutations

You are too large for most types of armour.
You have tough skin. (AC +1)


Message History

The orc priest miscasts a cantrip.
The orc closely misses you. The orc hits you.
* * * LOW HITPOINT WARNING * * *
The orc priest closely misses you. The orc hits you with a mace.
* * * LOW HITPOINT WARNING * * *
You hit the orc priest.
You kill the orc priest!
Trog accepts your kill.
Your Fighting skill increases to level 5!
The orc barely misses you. The orc hits you with a mace.
* * * LOW HITPOINT WARNING * * *
The orc barely misses you. The orc hits you with a mace.
* * * LOW HITPOINT WARNING * * *
The orc completely misses you.
Things that are here:
a club; an orc corpse The orc closely misses you.
The orc hits you with a mace.
You die...

#.##..#########.#
#..#..#########.#
##.#..#.........#
#.#..##.########
###'#......#
####.....###..#
#..'..........#
#.##....#####.#
#.##....# #@#
####.####### #o#
.....#
#o################
.#####
#.)>.........(....
.....#
###)##....########
...#.# #.##....#
##.#.# #.##....#
#..#.# #######.##....#
#.##.#
#.......##....########


You could see 2 orcs.

Vanquished Creatures
  An orc priest (D:3)
  An orc wizard (D:3)
  4 adders
  2 oozes
  3 worms (D:3)
  A dart slug (D:1)
  A leopard gecko (D:3)
  8 orcs (D:3)
  A ball python (D:3)
  9 bats
  6 goblins
  5 hobgoblins
  4 jackals (D:3)
  A quokka (D:3)
  2 frilled lizards (D:2)
  8 kobolds
  10 rats
67 creatures vanquished.

Notes
Turn   | Place    | Note
-------+----------+-------------------------------------------
     0 | D:1      | galech the Ogre Berserker began the quest for the Orb.
     0 | D:1      | Reached XP level 1. HP: 24/24 MP: 1/1
   177 | D:1      | Reached XP level 2. HP: 17/32 MP: 2/2
   759 | D:1      | Reached XP level 3. HP: 40/40 MP: 3/3
  1227 | D:2      | Found a hazy altar of Hepliaklqana.
  1227 | D:2      | Found a deep blue altar of Sif Muna.
  1228 | D:2      | Reached ** piety under Trog
  1864 | D:3      | Reached XP level 4. HP: 46/49 MP: 4/4
  2786 | D:3      | Reached XP level 5. HP: 37/55 MP: 5/5
  2849 | D:3      | Reached *** piety under Trog
  3097 | D:4      | Noticed an ogre
  3112 | D:3      | Reached skill level 5 in Fighting
  3112 | D:3      | HP: 1/57 [orc/mace (2)]
  3116 | D:3      | Slain by an orc

Vault maps used:
D:1:      eino_arrival_water_cross
D:2:      grunt_temple_overflow_open
D:4:      minmay_temple_entry_statues_pillars, minivault_25

Skill      XL: |  1  2  3  4  5 |
---------------+----------------+-----
Maces & Flails | 3 4 |  4.3
Dodging        | 3 |  3.8
Fighting       | 5 |  5.0
Stealth        | |  0.2

Action                   |  1- 3 |  4- 6 || total
-------------------------+-------+-------++-------
Melee: Mace              |   111 |   120 ||   231
Invok: Berserk           |     1 |     3 ||     4
  Eat: Chunk             |     4 |     6 ||    10
Armor: Animal skin       |    50 |    46 ||    96
Dodge: Dodged            |    85 |    95 ||   180

Table legend:
 A = Spawn XP
 B = Non-spawn XP
 C = Spawn XP percentage of total XP
 D = Spawn monster count
 E = Non-spawn monster count
 F = Spawn count percentage of total count
 G = Total turns spent on level
                    A         B        C        D         E        F      G
               +---------+---------+-------+---------+---------+-------+---------
         Total |       0 |     264 |   0.0 |       0 |      67 |   0.0 |  3116
               +---------+---------+-------+---------+---------+-------+---------
           D:1 |       0 |      35 |   0.0 |       0 |      18 |   0.0 |  1192
           D:2 |       0 |      25 |   0.0 |       0 |      11 |   0.0 |   560
           D:3 |       0 |     204 |   0.0 |       0 |      38 |   0.0 |  1359
               +---------+---------+-------+---------+---------+-------+---------
